 Dungeon Crawl Stone Soup version 0.31.0-11-ge490571c62 (webtiles) character file.

Game seed: 12748717906169809581

802 hikkokomori the Gusty (level 7, -2/41 HPs)
             Began as a Tengu Air Elementalist on Feb 2, 2024.
             Slain by a water moccasin (5 damage)
             ... on level 5 of the Dungeon.
             The game lasted 00:26:32 (3901 turns).

hikkokomori the Gusty (Tengu Air Elementalist)      Turns: 3901, Time: 00:26:34

Health: -2/41      AC:  9    Str:  8    XL:     7   Next: 91%
Magic:  2/13       EV: 16    Int: 18    God:
Gold:   182        SH:  5    Dex: 14    Spells: 5/13 levels left

rFire   . . .        m - +0 short sword (elec)
rCold   . . .        (no shield)
rNeg    . . .        a - +0 robe
rPois   .            (helmet restricted)
rElec   .            g - +0 cloak
rCorr   .            f - +1 pair of gloves
SInv    .            (boots unavailable)
Will    .....        r - amulet of reflection
Stlth   ++           n - +4 ring of protection
HPRegen 0.26/turn    (no ring)
MPRegen 0.13/turn

%: reflection, acrobat
@: mighty, flying
A: beak, talons 3, evasive flight, acrobatic
a: no special abilities


You were on level 5 of the Dungeon.
You visited 1 branch of the dungeon, and saw 6 of its levels.

You collected 182 gold pieces.

Inventory:

Hand Weapons
 h - a +0 dagger
 k - a +3 long sword of flaming
 m - a +0 short sword of electrocution (weapon)
Missiles
 d - 2 darts of dispersal
 j - 47 stones
Armour
 a - a +0 robe (worn)
 f - a +1 pair of gloves (worn)
 g - a +0 cloak (worn)
 w - a +0 leather armour
Jewellery
 n - a +4 ring of protection (left hand)
 r - an amulet of reflection (around neck)
Scrolls
 e - 2 scrolls of teleportation
 i - a scroll of fog {unknown}
 t - a scroll of revelation {unknown}
Potions
 b - a potion of magic
 c - 3 potions of enlightenment
 o - a potion of lignification {unknown}
 q - a potion of attraction
 u - a potion of degeneration {unknown}


   Skills:
 + Level 3.4 Fighting
 + Level 3.0 Short Blades
 - Level 2.1 Dodging
 - Level 3.0 Stealth
 + Level 3.8 Spellcasting
 - Level 2.5 Conjurations
 + Level 1.8 Hexes
 + Level 2.7 Ice Magic
 - Level 5.0 Air Magic
 + Level 1.4 Evocations


You had 5 spell levels left.
You knew the following spells:

 Your Spells              Type           Power      Damage    Failure   Level
a - Shock                 Conj/Air       68%        1d7       3%          1
b - Ensorcelled Hibernat  Hex/Ice        22%        N/A       9%          2
c - Swiftness             Air            21%        N/A       5%          3
d - Static Discharge      Conj/Air       34%        3-5/arc   4%          2

Your spell library contained the following spells:

 Spells                   Type           Power      Damage    Failure   Level
 Mercury Vapours          Alch/Air       24%        N/A       8%          2
 Mephitic Cloud           Conj/Alch/Air  12%        N/A       16%         3
 Airstrike                Air            10%        2d(2-18)  19%         4
 Sigil of Binding         Hex            10%        N/A       22%         3
 Call Canine Familiar     Summ           3%         N/A       41%         3
 Passwall                 Erth           3%         N/A       41%         3
 Dimensional Bullseye     Hex/Tloc       3%         N/A       71%         4
 Freezing Cloud           Conj/Ice/Air   7%         6-21      71%         5


Dungeon Overview and Level Annotations

Branches:
Dungeon (6/15)
 Temple: D:4-7

Altars:
Uskayaw

Annotations:
D:2 Terence
D:4 Edmund
D:6 Duvessa


Innate Abilities, Weirdness & Mutations

You have a beak for a mouth.
You have claws for feet.
Your magical flight helps you evade attacks. (EV +4)
You can magically evade attacks while moving or waiting.


Message History

You start to feel a little slower.
Found 6 stones.
A hound comes into view.
You feel sluggish. The adder attacks as it pursues you!
You block the adder's attack.
The water moccasin attacks as it pursues you!
The water moccasin completely misses you.
You block the water moccasin's attack. The water moccasin misses you.
The water moccasin completely misses you.
The adder attacks as it pursues you! The adder closely misses you.
The water moccasin misses you. The adder completely misses you.
You start to feel a little faster.
The water moccasin misses you. The water moccasin misses you.
The water moccasin bites you.
* * * LOW HITPOINT WARNING * * *
You are lethally poisoned!
The water moccasin poisons you!
Unknown command.
You feel better. The water moccasin bites you!
* * * LOW HITPOINT WARNING * * *
Unknown command.
You barely miss the water moccasin. Your kick misses the water moccasin.
The water moccasin is lightly wounded.
The water moccasin closely misses you.
Unknown command.
You puncture the water moccasin! You claw the water moccasin.
The water moccasin is heavily wounded.
The water moccasin bites you.
* * * LOW HITPOINT WARNING * * *
Unknown command.
Casting: Swiftness (dangerous; 5% risk of failure)
Confirm with . or Enter, or press ? or * to list all spells.
Aiming: Ensorcelled Hibernation (safe; 9% risk of failure)
Press: ? - help, Shift-Dir - straight line, f - water moccasin
Aim: a water moccasin (heavily wounded, chance to affect: 45%)
The water moccasin resists with some effort.
You no longer feel sluggish.
The water moccasin bites you.
You die...

#.#####..##.....# #...
#.##..z..######.###.#.
###..z.###.### #..##.#.
##....### #...## ##...... #.
#.#..#.## ###..## ###..#.
#.###.#.##.. ##..### ##...
..(...#.###.#### ##...####.#.
........# #....# ###.<>#..##
h.......######@# ###...###
..........####S# ##...## #
..............S########..#..###
....##.####.#..........###...#
. #.S.....#.########## ###..
#.............B... ###
#......#.#.#.#.#.#. #
#.......?..........# #
#......#.#.#.#.#.#.# #


You could see a water moccasin and an adder.

Vanquished Creatures
  A water moccasin (D:6)
  A black bear (D:5)
  An ogre (D:6)
  3 scorpions
  2 wights (D:5)
  A hound (D:4)
  2 iguanas
  An orc wizard (D:4)
  Robin (D:2)
  4 adders
  An ufetubus (D:6)
  A dart slug (D:1)
  7 orcs
  5 ball pythons
  4 endoplasms
  A giant cockroach (D:3)
  10 goblins
  5 hobgoblins
  2 jackals (D:3)
  3 quokkas
  3 bats
  A frilled lizard (D:2)
  8 kobolds
  4 rats
72 creatures vanquished.

Vanquished Creatures (collateral kills)
  3 orcs (D:6)
3 creatures vanquished.

Vanquished Creatures (others)
  An ogre (D:6)
  Dowan (D:6)
  A wight (D:5)
  An ufetubus (D:6)
  An orc (D:4)
5 creatures vanquished.

Grand Total: 80 creatures vanquished

Notes
Turn   | Place    | Note
-------+----------+-------------------------------------------
     0 | D:1      | hikkokomori the Tengu Air Elementalist began the quest for
                  | the Orb.
     0 | D:1      | Reached XP level 1. HP: 10/10 MP: 4/4
   521 | D:1      | Reached XP level 2. HP: 16/16 MP: 3/6
  1453 | D:2      | Noticed Robin
  1456 | D:2      | Reached XP level 3. HP: 17/20 MP: 4/7
  1466 | D:2      | Killed Robin
  1467 | D:2      | Reached skill level 1 in Fighting
  1474 | D:2      | Learned a level 2 spell: Ensorcelled Hibernation
  1502 | D:2      | Noticed Terence
  1534 | D:2      | Learned a level 3 spell: Swiftness
  1682 | D:3      | Reached XP level 4. HP: 25/25 MP: 8/8
  2019 | D:3      | Found a faded altar of an unknown god.
  2138 | D:3      | Learned a level 2 spell: Static Discharge
  2219 | D:3      | Reached XP level 5. HP: 20/30 MP: 3/10
  2519 | D:4      | Noticed Edmund
  2522 | D:4      | Noticed a two-headed ogre
  2687 | D:4      | Reached skill level 1 in Ice Magic
  2817 | D:4      | Reached skill level 5 in Air Magic
  2835 | D:5      | Entered Level 5 of the Dungeon
  2877 | D:5      | Noticed a black bear
  2891 | D:5      | Killed a black bear
  2892 | D:5      | Reached skill level 1 in Short Blades
  2892 | D:5      | Reached XP level 6. HP: 34/36 MP: 4/11
  3100 | D:5      | Reached skill level 1 in Hexes
  3204 | D:5      | Gained mutation: Your magical flight helps you evade
                  | attacks. (EV +4) [Tengu growth]
  3204 | D:5      | Reached XP level 7. HP: 37/40 MP: 3/13
  3384 | D:6      | Noticed Dowan
  3415 | D:6      | Noticed Duvessa
  3418 | D:6      | Your ally Dowan died
  3489 | D:6      | Found a hide-covered altar of Uskayaw.
  3538 | D:6      | HP: 2/41 [ogre/+0 giant club (23)]
  3707 | D:6      | Reached skill level 1 in Evocations
  3873 | D:5      | HP: 1/41 [water moccasin (4)]
  3900 | D:5      | HP: 2/41 [water moccasin (1)]
  3901 | D:5      | Slain by a water moccasin

Illustrated notes

Levels and vault maps discovered:
D:1:      dpeg_arrival_more_subterranean_lakeside_camping, layout_basic,
          hangedman_decor_clover_reticule, minmay_crystal_room,
          minmay_tetromino_t4
D:2:      layout_loops_ring, minmay_misc_feat_alley, uniq_robin, uniq_terence
D:3:      layout_loops_cross, shapermc_ecumenical_altar_mp_urbaneastern,
          minmay_fractal_squares_diagonal_5
D:4:      layout_rooms, nzn_overflow_gifts_of_might_and_magic,
          minmay_temple_entry_water_ring, supply_closet_lemuel,
          nicolae_half_adder, uniq_edmund
D:5:      layout_rooms, grunt_decor_one_mirror, hex_tiny, grunt_decor_fettered,
          st_stairs_10
D:6:      layout_rooms, nicolae_uskayaw_murder_on_the_dancefloor, uniq_duvessa

Skill      XL: |  1  2  3  4  5  6  7 |
---------------+----------------------+-----
Conjurations   | 2 |  2.5
Fighting       | 1 2 3 |  3.4
Stealth        | 3 |  3.0
Ice Magic      | 1 2 |  2.7
Air Magic      | 5 |  5.0
Short Blades   | 1 2 3 |  3.0
Spellcasting   | 3 |  3.8
Hexes          | 1 |  1.8
Evocations     | 1 |  1.4
Dodging        | |  2.1

Action                     |  1- 3 |  4- 6 |  7- 9 || total
---------------------------+-------+-------+-------++-------
  Melee: Unarmed           |     4 |       |       ||     4
         Kick              |     6 |    14 |     6 ||    26
         Dagger            |    10 |       |       ||    10
         Long sword        |    30 |    32 |       ||    62
         Peck              |     4 |     6 |     3 ||    13
         Punch             |     1 |     1 |       ||     2
         Short sword       |       |    30 |    27 ||    57
  Throw: Stone             |       |     6 |     2 ||     8
         Dart              |       |       |     1 ||     1
   Cast: Shock             |    20 |    27 |     2 ||    49
         Static Discharge  |       |     4 |       ||     4
         Ensorcelled Hiber |       |     2 |    18 ||    20
         Swiftness         |       |     1 |     2 ||     3
  Evoke: Wand              |       |     2 |     7 ||     9
    Use: Scroll            |     3 |     4 |     2 ||     9
         Potion            |       |       |     4 ||     4
   Stab: Sleeping          |     2 |     4 |     4 ||    10
 Armour: Robe              |    28 |    47 |    27 ||   102
  Dodge: Dodged            |    38 |    56 |    36 ||   130
  Block: Other             |       |       |     5 ||     5
